AoeStats
← 150490644@

Arabia

508079149Analyzed
1v1 RM · 11d ago on Sep 20, 2026· 47m 2s· 2 players
Game mode
Random Map
Map size
Tiny (2 player)
Population
200
Speed
Normal
Resources
Standard
Victory
Conquest
Starting age
Dark Age
Ending age
Imperial Age
RankedLock teamsTeams togetherTeam positionsShared explorationLock speedFull tech treeHidden civsTurbo modeCheats
Victory
Defeat
🇮🇹 Franks · Italy
902
+17
🇧🇷 Franks · Brazil
934
-17
Rayox_Sr_Ñeque
6:32 Loom
9:45 Feudal Age
10:31 Double-Bit Axe
18:32 Gold Mining
22:34 Castle Age
22:26 Scale Barding Armor
22:31 Forging
22:22 Padded Archer Armor
23:52 Wheelbarrow
24:27 Chain Barding Armor
23:38 Elite Skirmisher
25:38 Husbandry
25:59 Pikeman
27:50 Iron Casting
30:02 Scale Mail Armor
31:06 Leather Archer Armor
32:08 Stone Mining
34:32 Fletching
35:00 Chain Mail Armor
38:20 Fletching
43:28 Bodkin Arrow
47:08 Squires
46:53 Gambesons
150490644@
7:10 Loom
9:37 Feudal Age
10:21 Double-Bit Axe
18:10 Gold Mining
22:21 Castle Age
21:29 Scale Barding Armor
21:35 Forging
22:44 Wheelbarrow
23:05 Husbandry
26:53 Chain Barding Armor
27:28 Hand Cart
31:18 Iron Casting
30:44 Scale Mail Armor
35:44 Pikeman
36:25 Squires
40:14 Stone Mining
41:00 Gold Shaft Mining
45:10 Imperial Age
45:40 Ballistics
46:55 Plate Barding Armor
46:34 Cavalier
Connection lost

Rejoining the realm…

Still unreachable

The connection could not be restored.

Session expired

The server has moved on; the page needs a fresh start.